 Seeded DCSS version 0.27.1-35-g4d5d836560 (webtiles) character file.

Game seed: 20221004 (custom seed)

4 ty6480 the Conjurer (level 1, -1/15 HPs)
             Began as a Human Wanderer on Oct 4, 2022.
             Frozen to death by an endoplasm (2 damage)
             ... on level 1 of the Dungeon.
             The game lasted 00:04:49 (2871 turns).

ty6480 the Conjurer (Human Wanderer)                Turns: 2871, Time: 00:04:50

Health: -1/15      AC:  2    Str: 11    XL:     1   Next: 66%
Magic:  3/3        EV: 11    Int: 13    God:
Gold:   0          SH:  0    Dex: 12    Spells: 3/4 levels left

rFire    . . .     SeeInvis .   a - +0 spear
rCold    . . .     Faith    .   (no shield)
rNeg     . . .     Spirit   .   c - +0 robe
rPois    .         Reflect  .   (no helmet)
rElec    .         Harm     .   (no cloak)
rCorr    .         Rampage  .   (no gloves)
Will     .....                  (no boots)
Stlth    +.........             (no amulet)
HPRegen  0.05/turn              (no ring)
MPRegen  0.08/turn              (no ring)

@: no status effects
A: no striking features
a: no special abilities


You were on level 1 of the Dungeon.
You visited 1 branch of the dungeon, and saw 1 of its levels.

Inventory:

Hand Weapons
 a - a +0 spear (weapon)
Armour
 c - a +0 robe (worn)
Potions
 b - a potion of curing {unknown}
 d - a potion of mutation {unknown}


   Skills:
 + Level 1.1 Fighting
 + Level 2.0 Polearms
 + Level 1.0 Throwing
 + Level 2.1 Spellcasting
 + Level 3.1 Conjurations
 + Level 1.0 Evocations


You had 3 spell levels left.
You knew the following spells:

 Your Spells              Type           Power      Damage    Failure   Level
a - Magic Dart            Conj           36%        1d4       7%          1

Your spell library contained the following spells:

 Spells                   Type           Power      Damage    Failure   Level
 Blink                    Tloc           N/A        N/A       36%         2
 Call Imp                 Summ           1%         N/A       36%         2
 Slow                     Hex            1%         N/A       36%         2
 Conjure Flame            Conj/Fire      5%         6-21      38%         3
 Mephitic Cloud           Conj/Pois/Air  4%         N/A       45%         3
 Ignite Poison            Fire/Tmut/Pois 1%         N/A       58%         3
 Sticky Flame             Conj/Fire      5%         2d3       80%         4


Dungeon Overview and Level Annotations

Branches:
Dungeon (1/15)

Altars:


Message History

A quokka comes into view.
The ball python bites you but does no damage.
The ball python grabs you. The ball python constricts you.
You escape the ball python's grasp.
The bat misses you. The bat hits you. The bat hits you but does no damage.
The endoplasm quivers.
You hit the quokka but do no damage. The bat closely misses you.
The quokka completely misses you. The ball python barely misses you. x2
The bat hits you but does no damage.
You closely miss the quokka. The bat barely misses you. The bat misses you.
The quokka closely misses you. The ball python closely misses you.
The ball python misses you.
You miss the quokka. The quokka barely misses you. The bat closely misses you.
The ball python barely misses you. x2; The quokka closely misses you.
The ball python closely misses you. The ball python barely misses you.
The quokka bites you.
You see here a scroll of teleportation.
Sorry, you're not good enough to have a special ability.
The bat hits you. The bat barely misses you. The quokka closely misses you.
The ball python closely misses you. The ball python grabs you.
The ball python constricts you.
You see here a scroll of teleportation.
You escape the ball python's grasp.
The bat hits you. The quokka closely misses you.
The quokka completely misses you. The bat barely misses you.
The quokka bites you. The bat hits you but does no damage.
You hit the ball python.
You kill the ball python!
The bat hits you. The endoplasm barely misses you.
You closely miss the quokka. The quokka misses you. The endoplasm freezes you.
You are frozen.
* * * LOW HITPOINT WARNING * * *
The bat barely misses you.
You barely miss the quokka. The bat misses you.
The quokka bites you but does no damage.
The endoplasm freezes you.
You are frozen.
You die...

# #.##...#.....#.###
########................##
.........................
########...............#
.........†.............####
#########†.................
# #.#...#........#### #
#.#####..r.?....... #
#.....b.@J......... #
##.########.#######
##########.# #>#
...........# #.#
##########.# #.# ##.## #..
#...#### ### #......#
#...##.#


You could see an endoplasm, a quokka and a bat.

Vanquished Creatures
  A ball python (D:1)
  A bat (D:1)
  A frilled lizard (D:1)
  2 rats (D:1)
5 creatures vanquished.

Notes
Turn   | Place    | Note
-------+----------+-------------------------------------------
     0 | D:1      | ty6480 the Human Wanderer began the quest for the Orb.
     0 | D:1      | ty6480 set off with the following items: a +0 spear, a
                  | scroll of teleportation, a +0 robe; and the following spell
                  | memorised: Magic Dart; and the following spells available
                  | to memorise: Blink, Call Imp, Slow, Conjure Flame, Mephitic
                  | Cloud
     0 | D:1      | Reached XP level 1. HP: 15/15 MP: 3/3
  2871 | D:1      | Frozen to death by an endoplasm

Illustrated notes

Levels and vault maps discovered:
D:1:      psy_arrival_whirlpool, layout_loops_ring,
          hellmonk_ecumenical_altar_slurped_away

Action                   || total
-------------------------++-------
Melee: Spear             ||    18
  Use: Scroll            ||     1
Armor: Robe              ||     6
Dodge: Dodged            ||    32
